 Dungeon Crawl Stone Soup version 0.24.0-13-gcf9b319 (webtiles) character file.

Game seed: 7972998032064538027, levelgen mode: deterministic

6039 Firecrotchwizard the Grappler (level 10, 0/91 HPs)
             Began as a Ghoul Monk on Jan 28, 2020.
             Was a High Priest of Okawaru.
             Slain by a killer bee (3 damage)
             ... on level 11 of the Dungeon.
             The game lasted 00:17:39 (6571 turns).

Firecrotchwizard the Grappler (Ghoul Monk)          Turns: 6571, Time: 00:17:39

Health: 0/91       AC: 18    Str: 19    XL:     10   Next: 86%
Magic:  9/11       EV: 11    Int:  5    God:    Okawaru [*****.]
Gold:   426        SH:  0    Dex: 11    Spells: 9/9 levels left

rFire    . . .     SeeInvis .     - Unarmed
rCold    + . .     Gourm    .   (no shield)
rNeg     + + +     Faith    .   z - +0 chain mail
rPois    ∞         Spirit   .   B - +1 helmet
rElec    .         Reflect  .   w - +2 cloak
rCorr    .         Harm     .   (no gloves)
MR       .....                  (no boots)
Stlth    ..........             (no amulet)
HPRegen  0.00/turn              u - ring of flight {+Fly, !d}
MPRegen  0.12/turn              (no ring)

@: heroism, very slightly contaminated, rotting
A: rotting body, claws 1, carnivore, cold resistance 1, negative energy
resistance 3, inhibited regeneration, torment resistance, unbreathing
a: Heroism, Finesse, Renounce Religion, Evoke Flight


You were on level 11 of the Dungeon.
You worshipped Okawaru.
Okawaru was extremely pleased with you.
You were not hungry.

You visited 2 branches of the dungeon, and saw 12 of its levels.

You collected 426 gold pieces.

Inventory:

Missiles
 x - a throwing net {=f, !d}
Armour
 a - a +0 robe
 j - a +0 leather armour
   (You found it on level 1 of the Dungeon)
 m - a +0 scale mail
   (You found it on level 1 of the Dungeon)
 w - a +2 cloak (worn)
   (You found it on level 4 of the Dungeon)
 z - a +0 chain mail (worn)
   (You found it on level 5 of the Dungeon)
 B - a +1 helmet (worn)
   (You found it on level 5 of the Dungeon)
Jewellery
 u - a ring of flight (left claw) {+Fly, !d}
   (You found it on level 7 of the Dungeon)
Wands
 r - a wand of iceblast (2)
   (You found it on level 3 of the Dungeon)
 y - a wand of polymorph (9)
   (You found it on level 8 of the Dungeon)
 D - a wand of random effects (18)
   (You found it on level 6 of the Dungeon)
Scrolls
 c - 7 scrolls of identify
 e - 3 scrolls of magic mapping {!r}
 i - 6 scrolls of remove curse
 k - 2 scrolls of amnesia
 o - a scroll of teleportation
 p - a scroll of fog
 F - a scroll of enchant weapon {unknown}
 G - a scroll of fear {unknown}
 H - 2 scrolls of immolation {unknown}
Potions
 d - 4 potions of heal wounds {unknown}
 f - a potion of agility {unknown}
 g - a potion of mutation {unknown}
 h - a potion of berserk rage {unknown}
 l - a potion of degeneration {unknown}
 n - a potion of lignification {unknown}
 q - a potion of haste {unknown}
 s - 3 potions of curing
 t - a potion of might {unknown}
 A - 2 potions of resistance
 C - a potion of magic {unknown}
Comestibles
 b - 16 rations


   Skills:
 + Level 9.3(14.3) Fighting
 + Level 6.5(11.5) Armour
 - Level 3.7(8.7) Dodging
 - Level 2.2(7.2) Stealth
 * Level 12.3(17.3) Unarmed Combat
 - Level 3.0 Invocations


You had 9 spell levels left.
You didn't know any spells.
Your spell library was empty.

Dungeon Overview and Level Annotations

Branches:
Dungeon (12/15)            Temple (1/1) D:7
   Lair: D:8-11         Orc: D:9-12

Altars:
Cheibriados
Elyvilon
Fedhas
Hepliaklqana
Makhleb
Nemelex Xobeh
Okawaru
Ru
Sif Muna
Trog
Vehumet
Wu Jian
Xom
Zin
The Shining One

Shops:
D:6 !


Innate Abilities, Weirdness & Mutations

Your body is rotting away.
You thrive on raw meat.
You are immune to poison.
You have sharp fingernails.
You are carnivorous and can eat meat at any time.
Your flesh is cold resistant. (rC+)
You are immune to negative energy. (rN+++)
You do not regenerate when monsters are visible.
You are immune to unholy pain and torment.
You can survive without breathing.


Message History

You mangle the killer bee!!
You kill the killer bee!
Okawaru accepts your kill.
A killer bee comes into view.
The killer bee barely misses you. The killer bee misses you.
There is a stone staircase leading down here.
You mangle the killer bee!!
You kill the killer bee!
Okawaru accepts your kill.
You see here a killer bee corpse.
You butcher the killer bee corpse.
v - a chunk of flesh {@w0} There isn't anything here!
You scratch the killer bee.
A wyvern skeleton comes into view.
The killer bee closely misses you.
You claw the killer bee! The killer bee stings you.
The killer bee stings you but does no damage.
You take 3 damage, and have 56/91 hp.
You claw the killer bee!
You kill the killer bee!
Okawaru accepts your kill.
A manticore and an ogre come into view.
The ogre shouts!
You hear an angry buzzing noise.
You hear two shouts!
A killer bee comes into view.
A two-headed ogre comes into view.
It is wielding a +0 dire flail and a +0 giant club.
A killer bee comes into view.
The killer bee buzzes angrily.
You claw the wyvern skeleton! x2
You hear an angry buzzing noise.
The wyvern skeleton closely misses you.
You claw the wyvern skeleton! The wyvern skeleton barely misses you.
You barely miss the wyvern skeleton. The wyvern skeleton closely misses you.
Eat a chunk of flesh {@w0}? (ye/n/q)
You eat the chunk of flesh {@w0}.
This raw flesh tastes great!
The wyvern skeleton bites you.
The wyvern skeleton bites you but does no damage.
You regained 2 hp, and now have 58/91 hp.
Okay, then.
You mangle the wyvern skeleton!!
You destroy the wyvern skeleton!
Okawaru accepts your kill.
You can now speed up your combat.
Okawaru will now gift you equipment as you gain piety.
The killer bee completely misses you.
You miss the killer bee. The killer bee barely misses you.
A water moccasin zombie comes into view.
The killer bee stings you.
You take 1 damage, and have 57/91 hp.
You claw the killer bee! The killer bee stings you.
You take 3 damage, and have 54/91 hp.
You claw the killer bee!
You kill the killer bee!
Okawaru accepts your kill.
Your Unarmed Combat skill increases to level 12!
The killer bee closely misses you.
You scratch the killer bee but do no damage.
The killer bee stings you but does no damage.
The killer bee barely misses you.
You miss the killer bee.
The killer bee stings you but does no damage.
The killer bee stings you.
A gnoll comes into view. It is wielding a +0 club.
The killer bee stings you.
You take 4 damage, and have 50/91 hp.
You miss the killer bee. The killer bee completely misses you.
You gain the combat prowess of a mighty hero.
The killer bee stings you.
A gnoll comes into view. It is wielding a +0 spear.
The killer bee stings you but does no damage.
The two-headed ogre hits you with a +0 dire flail!!
* * * LOW HITPOINT WARNING * * *
The two-headed ogre hits you with a +0 giant club.
* * * LOW HITPOINT WARNING * * *
You take 30 damage, and have 20/91 hp.
MASSIVE DAMAGE!!
You now have 9/11 mp.
The gnoll shouts!
You claw the two-headed ogre! The killer bee stings you.
* * * LOW HITPOINT WARNING * * *
The killer bee stings you.
* * * LOW HITPOINT WARNING * * *
You take 9 damage, and have 11/91 hp.
You scratch the two-headed ogre.
The two-headed ogre hits you with a +0 dire flail.
* * * LOW HITPOINT WARNING * * *
The two-headed ogre closely misses you. The killer bee stings you.
* * * LOW HITPOINT WARNING * * *
You take 5 damage, and have 6/91 hp.
You mangle the two-headed ogre!! You claw the two-headed ogre!
You kill the two-headed ogre!
Okawaru accepts your kill. The killer bee stings you.
* * * LOW HITPOINT WARNING * * *
The killer bee stings you but does no damage.
A gnoll comes into view.
You take 3 damage, and have 3/91 hp.
You miss the killer bee. The killer bee stings you.
You die...

#........#.. ..
#...g....#.#..#
#.........#..# .
.#..g.....H...^..
....(........ ...
........yO. ...
#..HZ.# ..
#...y###.##
#..##@>...#
#....y...###
##.#...#.#
#..(### #....
#..## ###


You could see a manticore, 2 killer bees, 2 gnolls and a water moccasin zombie.

Vanquished Creatures
  Harold (D:7)
  2 two-headed ogres
  A queen bee (D:8)
  A hippogriff (D:8)
  Menkaure (D:6)
  An orc warrior (D:7)
  A sky beast (D:6)
  2 ogres
  3 centaurs
  A crocodile (D:8)
  3 bullfrogs
  2 scorpions (D:4)
  A wyvern skeleton (D:11)
  28 killer bees
  5 crimson imps
  A centaur zombie (D:7)
  5 orc priests
  5 hounds
  2 bullfrog skeletons
  A bullfrog zombie (D:7)
  A jelly (D:7)
  Terence (D:2)
  7 orc wizards
  2 iguanas
  4 worker ants
  2 killer bee zombies
  2 hound skeletons
  4 gnolls (D:3)
  6 adders
  A shadow imp (D:7)
  3 oozes
  An adder zombie (D:7)
  An adder skeleton (D:8)
  2 worms
  3 dart slugs
  6 leopard geckos
  31 orcs
  5 giant cockroaches
  8 goblins
  4 hobgoblins
  10 jackals
  5 quokkas
  5 bats
  3 frilled lizards
  A jackal skeleton (D:4)
  4 kobolds
  2 leopard gecko skeletons
  6 rats
197 creatures vanquished.

Notes
Turn   | Place    | Note
-------+----------+-------------------------------------------
     0 | D:1      | Firecrotchwizard the Ghoul Monk began the quest for the
                  | Orb.
     0 | D:1      | Reached XP level 1. HP: 19/19 MP: 0/0
   130 | D:1      | Reached XP level 2. HP: 26/26 MP: 1/1
   620 | D:2      | Reached skill level 3 in Dodging
   620 | D:2      | Reached XP level 3. HP: 31/31 MP: 2/2
   634 | D:2      | Reached skill level 4 in Unarmed Combat
  1134 | D:2      | Reached XP level 4. HP: 30/40 MP: 3/3
  1265 | D:2      | Noticed Terence
  1274 | D:2      | Killed Terence
  1274 | D:2      | Reached skill level 4 in Fighting
  1415 | D:3      | Found a glowing golden altar of the Shining One.
  1504 | D:3      | Reached XP level 5. HP: 45/46 MP: 4/4
  1505 | D:3      | Reached skill level 5 in Unarmed Combat
  1899 | D:3      | Found a faded altar of an unknown god.
  2231 | D:4      | Noticed a phantom
  2276 | D:4      | Reached XP level 6. HP: 42/53 MP: 5/5
  2677 | D:4      | Reached skill level 6 in Unarmed Combat
  2699 | D:4      | Reached skill level 5 in Fighting
  2699 | D:4      | Reached skill level 1 in Armour
  2699 | D:4      | Reached XP level 7. HP: 61/61 MP: 6/6
  2847 | D:5      | Entered Level 5 of the Dungeon
  3132 | D:5      | Reached skill level 2 in Armour
  3146 | D:5      | Reached skill level 7 in Unarmed Combat
  3543 | D:6      | Reached XP level 8. HP: 67/70 MP: 7/7
  3697 | D:6      | Reached skill level 6 in Fighting
  3845 | D:6      | Reached skill level 3 in Armour
  3845 | D:6      | Reached skill level 8 in Unarmed Combat
  3890 | D:6      | Found Lyesuq's Distillery.
  3994 | D:6      | Noticed Menkaure
  4000 | D:6      | Killed Menkaure
  4164 | D:7      | Got a pitted hunting sling
  4288 | D:7      | Reached skill level 9 in Unarmed Combat
  4334 | D:7      | Reached skill level 4 in Armour
  4477 | D:7      | Found a staircase to the Ecumenical Temple.
  4486 | Temple   | Entered the Ecumenical Temple
  4499 | Temple   | Became a worshipper of Warmaster Okawaru
  4499 | Temple   | Reached * piety under Okawaru
  4499 | Temple   | Reached ** piety under Okawaru
  4513 | D:7      | Reached XP level 9. HP: 78/78 MP: 8/8
  4586 | D:7      | Reached skill level 7 in Fighting
  4593 | D:7      | Reached skill level 1 in Invocations
  4850 | D:7      | Noticed Harold
  4866 | D:7      | Killed Harold
  4866 | D:7      | Reached *** piety under Okawaru
  4866 | D:7      | Reached skill level 10 in Unarmed Combat
  4866 | D:7      | Reached skill level 2 in Invocations
  5017 | D:7      | Reached skill level 3 in Invocations
  5381 | D:8      | Found a blossoming altar of Fedhas.
  5453 | D:8      | Reached skill level 5 in Armour
  5459 | D:8      | HP: 20/81 [hippogriff (4)]
  5464 | D:8      | HP: 17/81 [crocodile (1)]
  5465 | D:8      | Reached skill level 8 in Fighting
  5771 | D:8      | Reached XP level 10. HP: 79/88 MP: 11/11
  5793 | D:8      | Reached skill level 11 in Unarmed Combat
  5836 | D:8      | Reached **** piety under Okawaru
  6503 | D:9      | Noticed a two-headed ogre
  6513 | D:9      | Killed a two-headed ogre
  6513 | D:9      | Reached skill level 6 in Armour
  6520 | D:9      | You fall into a shaft and drop 3 floors!
  6537 | D:11     | Reached skill level 9 in Fighting
  6553 | D:11     | Noticed a manticore
  6553 | D:11     | Noticed a two-headed ogre
  6560 | D:11     | Reached ***** piety under Okawaru
  6563 | D:11     | Reached skill level 12 in Unarmed Combat
  6567 | D:11     | HP: 20/91 [two-headed ogre/+0 dire flail (6)]
  6569 | D:11     | HP: 8/91 [two-headed ogre/+0 dire flail (3)]
  6570 | D:11     | Killed a two-headed ogre
  6570 | D:11     | HP: 3/91 [killer bee (3)]
  6571 | D:11     | Slain by a killer bee

Levels and vault maps discovered:
D:1:      minmay_arrival_wavy_path, layout_rooms, chequers_serial_rivers_micro_b
D:2:      layout_loops_ring, uniq_terence
D:3:      layout_basic, lemuel_crystal_altar, first_ration,
          chequers_ecumenical_altar_simple_redux
D:4:      layout_basic
D:5:      layout_loops_ring, lightli_corner_chamber
D:6:      layout_rooms, serial_shops, nicolae_shop_stone, hangedman_glass_teeth,
          uniq_menkaure
D:7:      layout_basic, minmay_temple_entry_drinking_statues,
          serial_co_window_serial, co_window_paths_b, co_window_paths_a,
          co_window_paths_b, co_window_paths_a, co_window_corner_a,
          co_window_unsneaky_path_c, co_window_broadway_b,
          co_window_of_opportunity_b, co_window_unsneaky_path_a,
          co_window_4corner_a, glass_columns_b, uniq_harold
D:8:      layout_basic, david_nohive_1, minivault_24, fedhas_altar_2
D:9:      layout_loops_ring, erik_orc_4
D:11:     layout_cave_pools, guppyfry_shop_venom
D:12:     layout_rooms
Temple:   grunt_wide_crystal_templ

Skill      XL: |  1  2  3  4  5  6  7  8  9 10 |
---------------+-------------------------------+-----
Dodging        | 3 |  3.7
Unarmed Combat | 4 5 6 7 9 10 12 | 12.3
Fighting       | 4 5 6 8 9 |  9.3
Armour         | 1 2 4 5 6 |  6.5
Invocations    | 3 |  3.0
Stealth        | |  2.2

Action                   |  1- 3 |  4- 6 |  7- 9 | 10-12 || total
-------------------------+-------+-------+-------+-------++-------
Melee: Unarmed           |    94 |   141 |   341 |   172 ||   748
       Punch             |     1 |       |    14 |     9 ||    24
Invok: Heroism           |       |       |     2 |     2 ||     4
Evoke: Wand              |       |     4 |     2 |     2 ||     8
  Use: Scroll            |       |       |    11 |     1 ||    12
 Stab: Sleeping          |     1 |       |       |       ||     1
       Paralysed         |       |       |     2 |       ||     2
  Eat: Chunk             |     3 |    11 |    35 |    20 ||    69
Armor: Leather armour    |     3 |       |       |       ||     3
       Robe              |     1 |       |       |       ||     1
       Scale mail        |    28 |    51 |    91 |       ||   170
       Chain mail        |       |       |    66 |   106 ||   172
Dodge: Dodged            |    43 |    83 |   133 |   117 ||   376

Levels and vault maps discovered:
D:1:      minmay_arrival_wavy_path, layout_rooms, chequers_serial_rivers_micro_b
D:2:      layout_loops_ring, uniq_terence
D:3:      layout_basic, lemuel_crystal_altar, first_ration,
          chequers_ecumenical_altar_simple_redux
D:4:      layout_basic
D:5:      layout_loops_ring, lightli_corner_chamber
D:6:      layout_rooms, serial_shops, nicolae_shop_stone, hangedman_glass_teeth,
          uniq_menkaure
D:7:      layout_basic, minmay_temple_entry_drinking_statues,
          serial_co_window_serial, co_window_paths_b, co_window_paths_a,
          co_window_paths_b, co_window_paths_a, co_window_corner_a,
          co_window_unsneaky_path_c, co_window_broadway_b,
          co_window_of_opportunity_b, co_window_unsneaky_path_a,
          co_window_4corner_a, glass_columns_b, uniq_harold
D:8:      layout_basic, david_nohive_1, minivault_24, fedhas_altar_2
D:9:      layout_loops_ring, erik_orc_4
D:11:     layout_cave_pools, guppyfry_shop_venom
D:12:     layout_rooms
Temple:   grunt_wide_crystal_templ

Table legend:
 A = Turns spent in this place as a percentage of turns spent in the entire game.
 B = Non-inter-level travel turns spent in this place as a percentage of non-inter-level travel turns spent in the entire game.
 C = Inter-level travel turns spent in this place as a percentage of turns spent in this place.
 D = Turns resting spent in this place as a percentage of non-inter-level travel turns spent in this place.
 E = Turns spent auto-exploring this place as a percentage of non-inter-level travel turns spent in this place.
 F = Non-inter-level travel turns spent in this place divided by the number of levels of this place that you've seen.
                   A       B       C       D       E      F
               +-------+-------+-------+-------+-------+----------------------
         Total | 100.0 | 100.0 |   3.9 |   8.0 |  65.2 | 526.5
       Dungeon |  99.6 |  99.8 |   3.7 |   8.0 |  65.3 | 573.1
        Temple |   0.4 |   0.2 |  39.1 |   0.0 |  35.7 |  14.0
               +-------+-------+-------+-------+-------+----------------------

Table legend:
 A = Kills in this place as a percentage of kills in entire the game.
 B = Kills by you in this place as a percentage of kills by you in the entire game.
 C = Kills by friends in this place as a percentage of kills by friends in the entire game.
 D = Other kills in this place as a percentage of other kills in the entire game.
 E = Experience gained in this place as a percentage of experience gained in the entire game.
 F = Experience gained in this place divided by the number of levels of this place that you have seen.
                   A       B       C       D       E      F
               +-------+-------+-------+-------+-------+----------------------
         Total | 100.0 | 100.0 |   N/A |   N/A | 100.0 | 719.0
       Dungeon | 100.0 | 100.0 |   N/A |   N/A | 100.0 | 784.4
               +-------+-------+-------+-------+-------+----------------------
